 Dungeon Crawl Stone Soup version 0.19.0-9-gfd783f2 (webtiles) character file.

1284 MovingMist the Agent of Entropy (level 8, -5/61 HPs)
             Began as a Demonspawn Abyssal Knight on Nov 8, 2016.
             Was a Priest of Lugonu.
             Slain by a yak (11 damage)
             ... on level 6 of the Dungeon.
             The game lasted 00:14:48 (4490 turns).

MovingMist the Agent of Entropy (DsAK)              Turns: 4490, Time: 00:14:49

Health: -5/61      AC:  8    Str: 14    XL:     8   Next: 29%
Magic:  13/14      EV: 12    Int: 14    God:    Lugonu [***...]
Gold:   291        SH:  4    Dex: 13    Spells: 0 memorised, 7 levels left

rFire  . . .     SeeInvis .     h - +0 whip (elec)
rCold  . . .     Gourm    .     m - +0 ring mail
rNeg   . . .     Faith    .     (no shield)
rPois  .         Spirit   .     (helmet restricted)
rElec  .         Reflect  +     (no cloak)
rCorr  .         Harm     .     (no gloves)
MR     +....                    (no boots)
Stlth  +.........               s - +4 amulet of reflection
                                l - ring of flight
                                k - ring of protection from magic

@: no status effects
A: horns 2, molten scales 2, spiny 1
a: Depart the Abyss, Bend Space, Banish, Renounce Religion, Evoke Flight


You were on level 6 of the Dungeon.
You worshipped Lugonu.
Lugonu was most pleased with you.
You were hungry.

You visited 1 branch of the dungeon, and saw 6 of its levels.
You visited the Abyss 1 time.

You collected 291 gold pieces.

Inventory:

Hand Weapons
 h - a +0 whip of electrocution (weapon)
Armour
 m - a +0 ring mail (worn)
Jewellery
 k - a ring of protection from magic (left hand)
 l - a ring of flight (right hand)
 s - a +4 amulet of reflection (around neck)
Wands
 p - a wand of polymorph (1/24)
 A - a wand of lightning (9/15)
Scrolls
 a - 3 scrolls of fog
 d - 2 scrolls of remove curse
 e - 3 scrolls of magic mapping
 f - a scroll of amnesia
 n - 2 scrolls of blinking
 t - a scroll of immolation {unknown}
 y - a scroll of enchant weapon {unknown}
 B - a scroll of identify
Potions
 j - 2 potions of curing
 o - a potion of heal wounds {unknown}
 r - a potion of cancellation {unknown}
 u - 2 potions of agility
 v - 2 potions of degeneration {unknown}
 w - a potion of magic {unknown}
 x - a potion of flight {unknown}
 z - 2 potions of might {unknown}
Books
 C - a book of Maledictions

   Spells                             Type                      Level
   a - Corona                         Hexes                        1
   b - Ensorcelled Hibernation        Hexes/Ice                    2
   c - Confuse                        Hexes                        3
   d - Tukima's Dance                 Hexes                        3
   e - Dazzling Spray                 Conjuration/Hexes            3
Comestibles
 b - a beef jerky
 c - 4 bread rations
 g - 3 slices of pizza
 i - 4 meat rations
 q - 2 royal jellies


   Skills:
 - Level 4.8 Fighting
   Level 2.0(3.2) Axes
 + Level 3.9(4.2) Maces & Flails
 - Level 2.0 Armour
 + Level 4.2 Dodging
 * Level 8.6 Invocations


You had 7 spell levels left.
You didn't know any spells.

Dungeon Overview and Level Annotations

Branches:
Dungeon (6/15)             Temple (0/1) D:4

Altars:
Ashenzari
Nemelex Xobeh
Okawaru


Innate Abilities, Weirdness & Mutations

You have a pair of horns on your head.
You are mostly covered in molten scales. (AC +3)
You are partially covered in sharp spines.


Message History

You hit the yak but do no damage.
The yak is almost dead.
You block the yak's attack.
You hit the yak but do no damage. Your headbutt misses the yak.
The yak is almost dead.
The yak closely misses you.
You hit the yak but do no damage.
There is a sudden explosion of sparks!
You kill the yak!
Lugonu accepts your kill.
You hit the yak.
The yak is lightly wounded.
The yak gores you.
* * * LOW HITPOINT WARNING * * *
You hit the yak.
There is a sudden explosion of sparks!
The yak is heavily wounded.
The yak barely misses you.
You hit the yak but do no damage.
There is a sudden explosion of sparks!
The yak is almost dead.
The yak gores you!
You die...

.....+.....# #.#
######.....####.#
...............>#
##.##############
#<.......#..
#..#####.#.#######
#........#.#.....#
#.########.#.###.#
#..............#@#
#.#......#.#.#.#Y#
###......#.#...#†####
+......'.#........#.#
#......###.###...!..#
#........... #.##.###
#.......##.# #.. .#
#.......#..# #..# #
#.#####.#. #..#


You could see a yak.

Vanquished Creatures
  Grinder (D:5)
  4 yaks (D:6)
  A bullfrog (D:6)
  A howler monkey (D:4)
  A jelly (D:6)
  2 hounds
  Terence (D:3)
  A bullfrog skeleton (D:5)
  An iguana (D:6)
  An orc wizard (D:5)
  A hound skeleton (D:4)
  A howler monkey skeleton (D:4)
  6 adders
  2 oozes
  An adder zombie (D:5)
  5 worms
  A dart slug (D:3)
  3 leopard geckos
  11 orcs
  3 bats
  5 giant cockroaches
  7 hobgoblins
  4 jackals (D:1)
  4 quokkas
  A ball python (D:3)
  3 frilled lizards
  11 goblins
  A jackal skeleton (D:4)
  11 kobolds
  10 rats
105 creatures vanquished.

Notes
Turn   | Place    | Note
-------+----------+-------------------------------------------
     0 | Abyss:1  | MovingMist the Demonspawn Abyssal Knight began the quest for the Orb.
     0 | Abyss:1  | Reached XP level 1. HP: 18/18 MP: 2/2
    13 | D:1      | Escaped the Abyss
    25 | D:1      | Reached skill level 1 in Dodging
   109 | D:1      | Gained mutation: You are partially covered in molten scales. (AC +2) [demonic ancestry]
   109 | D:1      | Reached XP level 2. HP: 23/24 MP: 4/4
   170 | D:1      | Reached skill level 3 in Invocations
   488 | D:1      | Reached ** piety under Lugonu
   488 | D:1      | Gained mutation: You are mostly covered in molten scales. (AC +3) [demonic ancestry]
   488 | D:1      | Reached XP level 3. HP: 14/29 MP: 5/5
  1285 | D:2      | Found a sparkling altar of Nemelex Xobeh.
  1371 | D:2      | Reached XP level 4. HP: 37/37 MP: 6/6
  2053 | D:3      | Found an iron altar of Okawaru.
  2244 | D:3      | Noticed Terence
  2265 | D:3      | Killed Terence
  2265 | D:3      | Reached skill level 1 in Maces & Flails
  2265 | D:3      | Gained mutation: You have a pair of small horns on your head. [demonic ancestry]
  2265 | D:3      | Reached XP level 5. HP: 36/42 MP: 7/7
  2267 | D:3      | Reached *** piety under Lugonu
  2614 | D:4      | Found a shattered altar of Ashenzari.
  2652 | D:4      | Found a staircase to the Ecumenical Temple.
  2859 | D:4      | Reached skill level 4 in Invocations
  3339 | D:5      | Entered Level 5 of the Dungeon
  3428 | D:5      | Reached XP level 6. HP: 42/50 MP: 9/9
  3505 | D:5      | Noticed Grinder
  3533 | D:5      | Killed Grinder
  3533 | D:5      | Reached skill level 5 in Invocations
  3660 | D:5      | Gained mutation: You have a pair of horns on your head. [demonic ancestry]
  3660 | D:5      | Reached XP level 7. HP: 55/55 MP: 11/11
  3811 | D:5      | Reached skill level 6 in Invocations
  4434 | D:6      | Noticed a yak
  4434 | D:6      | Noticed a yak
  4434 | D:6      | Noticed a yak
  4435 | D:6      | Noticed a yak
  4435 | D:6      | Noticed a yak
  4453 | D:6      | Killed a yak
  4453 | D:6      | Reached skill level 7 in Invocations
  4467 | D:6      | Killed a yak
  4478 | D:6      | Killed a yak
  4478 | D:6      | Reached skill level 8 in Invocations
  4478 | D:6      | Gained mutation: You are partially covered in sharp spines. [demonic ancestry]
  4478 | D:6      | Reached XP level 8. HP: 18/61 MP: 12/14
  4490 | D:6      | Slain by a yak

Skill      XL: |  1  2  3  4  5  6  7 |
---------------+----------------------+-----
Dodging        | 1 2 3 4 |  4.2
Axes           | 2 |  2.0
Invocations    | 3 4 5 8 |  8.6
Armour         | 2 |  2.0
Fighting       | 4 |  4.8
Maces & Flails | 1 2 3 |  3.9

Action                   |  1- 3 |  4- 6 |  7- 9 || total
-------------------------+-------+-------+-------++-------
Melee: Hand axe          |    32 |       |       ||    32
       Whip              |    86 |   220 |    87 ||   393
       Unarmed           |       |     4 |       ||     4
       Headbutt          |       |    16 |    15 ||    31
  Use: Scroll            |       |     7 |       ||     7
       Potion            |       |       |     2 ||     2
 Stab: Sleeping          |     1 |       |       ||     1
  Eat: Chunk             |     1 |     8 |     2 ||    11
Armor: Leather armour    |    35 |     2 |       ||    37
       Ring mail         |       |    66 |    14 ||    80
       Skin              |       |     1 |       ||     1
Dodge: Dodged            |    73 |   111 |    35 ||   219
Block: Other             |       |    17 |     9 ||    26
